TOP OF THE 1ST |
Atlanta (MID) Braves batting - Pitching for Lakewood BlueClaws : RHP Pablo Medina
|
Pitching: RHP Pablo Medina
|
|
Batting: LHB Eric Jackson
|
0-0: Ball 1-0: Swinging Strike 1-1: Called Strike 1-2: Ball 2-2: Foul Ball, location: 2F 2-2: Foul Ball, location: 2F 2-2: Ball 3-2: Foul Ball, location: 2F 3-2: DOUBLE (Line Drive, 78D, EV 106.9 MPH)
|
Batting: RHB Chris Trites
|
0-0: Ball 1-0: Foul Ball, location: 2F 1-1: Foul Ball, location: 2F 1-2: SINGLE (Groundball, 25, EV 67.5 MPH) (infield hit) Eric Jackson to third
|
Batting: SHB Brett McEwen
|
0-0: Ball 1-0: Ball 2-0: Called Strike 2-1: Foul Ball, location: 2F 2-2: Ball Chris Trites is caught stealing 2nd base 2-6 3-2: Foul Ball, location: 2F 3-2: Fly out, F8 (Flyball, 8LD, EV 87.5 MPH) Runner from 3rd tags up, OUT at HOME! 8-2
|
Top of the 1st over - 0 runs, 2 hits, 0 errors, 0 left on base; Atlanta (MID) 0 - Lakewood 0 |
BOTTOM OF THE 1ST |
Lakewood BlueClaws batting - Pitching for Atlanta (MID) Braves : RHP Jimmy Loudner
|
Pitching: RHP Jimmy Loudner
|
|
Batting: RHB Tony Perez
|
0-0: Ball 1-0: Called Strike 1-1: Foul Ball, location: 2F 1-2: Ball 2-2: Foul Ball, location: 2F 2-2: Ground out 4-3 (Groundball, 4, EV 80.6 MPH)
|
Batting: SHB Steve DeRienzo
|
0-0: Called Strike 0-1: Foul Ball, location: 2F 0-2: Ball 1-2: Ball 2-2: Strikes out swinging
|
Batting: RHB Alan Weller
|
0-0: Called Strike 0-1: Fly out, F4 (Popup, 34S, EV 86.9 MPH)
|
Bottom of the 1st over - 0 runs, 0 hits, 0 errors, 0 left on base; Atlanta (MID) 0 - Lakewood 0 |
TOP OF THE 2ND |
Atlanta (MID) Braves batting - Pitching for Lakewood BlueClaws : RHP Pablo Medina
|
Batting: LHB Tamaichi Sasada
|
0-0: Ball 1-0: DOUBLE (Line Drive, 89XD, EV 105.0 MPH)
|
Batting: LHB Ricardo Sandoval
|
0-0: Ball 1-0: Ball 2-0: Ball 3-0: Called Strike 3-1: Base on Balls
|
Batting: RHB Costantino Dolfini
|
0-0: Ball 1-0: Foul Ball, location: 2F 1-1: Ball 2-1: Ball 3-1: Base on Balls Tamaichi Sasada to third Ricardo Sandoval to second
|
Batting: RHB Josh McCormick
|
0-0: SINGLE (Line Drive, 4D, EV 95.6 MPH) Tamaichi Sasada scores Ricardo Sandoval to third Costantino Dolfini to second
|
Batting: RHB Alex Campos
|
0-0: Ball 1-0: Swinging Strike 1-1: SINGLE (Line Drive, 56, EV 104.4 MPH) Ricardo Sandoval scores Costantino Dolfini to third Josh McCormick to second
|
Batting: RHB Gabe Allen
|
0-0: Foul Ball, location: 2F 0-1: Ball 1-1: Called Strike 1-2: Ball 2-2: Ball 3-2: Base on Balls Costantino Dolfini scores Josh McCormick to third Alex Campos to second
|
Batting: LHB Eric Jackson
|
0-0: Swinging Strike 0-1: Fly out, F7 (Flyball, 7LM, EV 89.4 MPH)
|
Batting: RHB Chris Trites
|
0-0: Called Strike 0-1: SINGLE (Groundball, 4M, EV 99.4 MPH) (infield hit) Josh McCormick scores Alex Campos to third Gabe Allen to second
|
Batting: SHB Brett McEwen
|
0-0: Fly out, F8 (Line Drive, 8LM, EV 90.0 MPH) Runner from 3rd tags up, SCORES, throw by CF
|
Batting: LHB Tamaichi Sasada
|
0-0: Fly out, F7 (Line Drive, 7D, EV 87.5 MPH)
|
Top of the 2nd over - 5 runs, 4 hits, 0 errors, 2 left on base; Atlanta (MID) 5 - Lakewood 0 |
BOTTOM OF THE 2ND |
Lakewood BlueClaws batting - Pitching for Atlanta (MID) Braves : RHP Jimmy Loudner
|
Batting: SHB Brett St. Clair
|
0-0: Ball 1-0: Foul Ball, location: 2F 1-1: Foul Ball, location: 2F 1-2: Fly out, F7 (Flyball, 7, EV 93.1 MPH)
|
Batting: LHB Josh George
|
0-0: Ball 1-0: Called Strike 1-1: Ball 2-1: Ball 3-1: Swinging Strike 3-2: Strikes out looking
|
Batting: LHB Eric Farren
|
0-0: Ball 1-0: Ball 2-0: Ball 3-0: Called Strike 3-1: Swinging Strike 3-2: Strikes out swinging
|
Bottom of the 2nd over - 0 runs, 0 hits, 0 errors, 0 left on base; Atlanta (MID) 5 - Lakewood 0 |
TOP OF THE 3RD |
Atlanta (MID) Braves batting - Pitching for Lakewood BlueClaws : RHP Pablo Medina
|
Batting: LHB Ricardo Sandoval
|
0-0: Called Strike 0-1: Ball 1-1: Ball 2-1: Foul Ball, location: 2F 2-2: Fly out, F8 (Flyball, 89M, EV 90.6 MPH)
|
Pitching: RHP Jeff van Schaik
|
|
Batting: RHB Costantino Dolfini
|
0-0: Ball 1-0: Ball 2-0: Called Strike 2-1: Ball 3-1: Base on Balls
|
Batting: RHB Josh McCormick
|
0-0: Ball 1-0: Called Strike 1-1: Ball Costantino Dolfini steals 2nd, throwing error, E2 Costantino Dolfini to third 2-1: Ball 3-1: Called Strike 3-2: Base on Balls
|
Batting: RHB Alex Campos
|
0-0: Swinging Strike 0-1: Ball 1-1: Ball 2-1: Swinging Strike 2-2: Strikes out swinging
|
Batting: RHB Gabe Allen
|
0-0: Ball 1-0: Fielders Choice at 2nd, 4-6 (Groundball, 6M, EV 82.5 MPH)
|
Top of the 3rd over - 0 runs, 0 hits, 1 error, 2 left on base; Atlanta (MID) 5 - Lakewood 0 |
BOTTOM OF THE 3RD |
Lakewood BlueClaws batting - Pitching for Atlanta (MID) Braves : RHP Jimmy Loudner
|
Batting: RHB Juan Valadez
|
0-0: Swinging Strike 0-1: Ground out 6-3 (Groundball, 6, EV 104.4 MPH)
|
Batting: RHB Trent Hedrick
|
0-0: Ball 1-0: Called Strike 1-1: Foul Ball, location: 2F 1-2: Ball 2-2: Ground out 4-3 (Groundball, 4, EV 110.6 MPH)
|
Batting: RHB Danny Habermehl
|
0-0: Ball 1-0: Ball 2-0: Ball 3-0: Base on Balls
|
Batting: RHB Tony Perez
|
0-0: Ball 1-0: Ball 2-0: Swinging Strike 2-1: Foul Ball, location: 2F 2-2: 2-RUN HOME RUN (Line Drive, 78XD, EV 100.0 MPH), Distance : 397 ft
|
Batting: SHB Steve DeRienzo
|
0-0: Foul Ball, location: 2F 0-1: Ball 1-1: Ball 2-1: Ball 3-1: Ground out 4-3 (Groundball, 4S, EV 80.0 MPH)
|
Bottom of the 3rd over - 2 runs, 1 hit, 0 errors, 0 left on base; Atlanta (MID) 5 - Lakewood 2 |
TOP OF THE 4TH |
Atlanta (MID) Braves batting - Pitching for Lakewood BlueClaws : RHP Jeff van Schaik
|
Batting: LHB Eric Jackson
|
0-0: Ball 1-0: Called Strike 1-1: Foul Ball, location: 2F 1-2: Strikes out swinging
|
Batting: RHB Chris Trites
|
0-0: Ball 1-0: Ball 2-0: Ball 3-0: Swinging Strike 3-1: Foul Ball, location: 2F 3-2: Base on Balls
|
Batting: SHB Brett McEwen
|
0-0: Called Strike 0-1: Called Strike 0-2: Fly out, F7 (Flyball, 78M, EV 93.8 MPH)
|
Batting: LHB Tamaichi Sasada
|
0-0: Called Strike Chris Trites steals 2nd base 0-1: Ground out 4-3 (Groundball, 34D, EV 110.6 MPH)
|
Top of the 4th over - 0 runs, 0 hits, 0 errors, 1 left on base; Atlanta (MID) 5 - Lakewood 2 |
BOTTOM OF THE 4TH |
Lakewood BlueClaws batting - Pitching for Atlanta (MID) Braves : RHP Jimmy Loudner
|
Batting: RHB Alan Weller
|
0-0: Called Strike 0-1: Ground out 5-3 (Groundball, 56S, EV 88.1 MPH)
|
Batting: SHB Brett St. Clair
|
0-0: Ball 1-0: Called Strike 1-1: Ground out 5-3 (Groundball, 5, EV 99.4 MPH)
|
Batting: LHB Josh George
|
0-0: Ball 1-0: Ground out U3 (Groundball, 34, EV 86.2 MPH)
|
Bottom of the 4th over - 0 runs, 0 hits, 0 errors, 0 left on base; Atlanta (MID) 5 - Lakewood 2 |
TOP OF THE 5TH |
Atlanta (MID) Braves batting - Pitching for Lakewood BlueClaws : RHP Jeff van Schaik
|
Batting: LHB Ricardo Sandoval
|
0-0: Ball 1-0: Ground out 4-3 (Groundball, 4M, EV 105.6 MPH)
|
Batting: RHB Costantino Dolfini
|
0-0: Swinging Strike 0-1: Called Strike 0-2: Strikes out swinging
|
Batting: RHB Josh McCormick
|
0-0: Ball 1-0: Foul Ball, location: 2F 1-1: Called Strike 1-2: Strikes out looking
|
Top of the 5th over - 0 runs, 0 hits, 0 errors, 0 left on base; Atlanta (MID) 5 - Lakewood 2 |
BOTTOM OF THE 5TH |
Lakewood BlueClaws batting - Pitching for Atlanta (MID) Braves : RHP Jimmy Loudner
|
Batting: LHB Eric Farren
|
0-0: Ball 1-0: Fly out, F7 (Line Drive, 78M, EV 86.9 MPH)
|
Batting: RHB Juan Valadez
|
0-0: Called Strike 0-1: Swinging Strike 0-2: Ball 1-2: Foul Ball, location: 2F 1-2: Ball 2-2: Foul Ball, location: 2F 2-2: Ground out 6-3 (Groundball, 6, EV 85.0 MPH)
|
Batting: RHB Trent Hedrick
|
0-0: Ball 1-0: Foul Ball, location: 2F 1-1: SINGLE (Groundball, 34D, EV 101.2 MPH)
|
Batting: RHB Danny Habermehl
|
0-0: Ball 1-0: Ball 2-0: Ball 3-0: Called Strike 3-1: Called Strike 3-2: Strikes out swinging
|
Bottom of the 5th over - 0 runs, 1 hit, 0 errors, 1 left on base; Atlanta (MID) 5 - Lakewood 2 |
TOP OF THE 6TH |
Atlanta (MID) Braves batting - Pitching for Lakewood BlueClaws : RHP Jeff van Schaik
|
Pitching: RHP Alec Guglielmo
|
|
Batting: RHB Alex Campos
|
0-0: Called Strike 0-1: Foul Ball, location: 2F 0-2: Strikes out swinging
|
Batting: RHB Gabe Allen
|
0-0: Foul Ball, location: 2F 0-1: Ball 1-1: Called Strike 1-2: Foul Ball, location: 2F 1-2: SINGLE (Groundball, 56D, EV 110.0 MPH)
|
Batting: LHB Eric Jackson
|
0-0: Called Strike 0-1: Ground out 4-3 (Groundball, 34, EV 93.1 MPH) Gabe Allen to second
|
Batting: RHB Chris Trites
|
0-0: Ball 1-0: Called Strike 1-1: 2-RUN HOME RUN (Flyball, 9D, EV 99.4 MPH), Distance : 384 ft
|
Batting: SHB Brett McEwen
|
0-0: TRIPLE (Flyball, 7D, EV 100.6 MPH)
|
Batting: LHB Tamaichi Sasada
|
0-0: Ball 1-0: Ball 2-0: Ball 3-0: Base on Balls
|
Batting: LHB Ricardo Sandoval
|
0-0: Ball 1-0: Swinging Strike 1-1: Ball 2-1: Foul Ball, location: 2F 2-2: Foul Ball, location: 2F 2-2: Ball 3-2: Base on Balls Tamaichi Sasada to second
|
Batting: RHB Costantino Dolfini
|
0-0: Called Strike 0-1: Swinging Strike 0-2: Strikes out swinging
|
Top of the 6th over - 2 runs, 3 hits, 0 errors, 3 left on base; Atlanta (MID) 7 - Lakewood 2 |
BOTTOM OF THE 6TH |
Lakewood BlueClaws batting - Pitching for Atlanta (MID) Braves : RHP Jimmy Loudner
|
Batting: RHB Tony Perez
|
0-0: Called Strike 0-1: Ground out 1-3 (Groundball, 34S, EV 62.5 MPH)
|
Batting: SHB Steve DeRienzo
|
0-0: Foul Ball, location: 2F 0-1: Ball 1-1: Foul Ball, location: 2F 1-2: Strikes out looking
|
Batting: RHB Alan Weller
|
0-0: Called Strike 0-1: Ball 1-1: Called Strike 1-2: Foul Ball, location: 2F 1-2: Fly out, F8 (Flyball, 78M, EV 98.8 MPH)
|
Bottom of the 6th over - 0 runs, 0 hits, 0 errors, 0 left on base; Atlanta (MID) 7 - Lakewood 2 |
TOP OF THE 7TH |
Atlanta (MID) Braves batting - Pitching for Lakewood BlueClaws : RHP Alec Guglielmo
|
Batting: RHB Josh McCormick
|
0-0: Ground out 4-3 (Groundball, 4, EV 83.1 MPH)
|
Batting: RHB Alex Campos
|
0-0: Ball 1-0: Swinging Strike 1-1: Ball 2-1: Foul Ball, location: 2F 2-2: Ball 3-2: Strikes out swinging
|
Batting: RHB Gabe Allen
|
0-0: Called Strike 0-1: Foul Ball, location: 2F 0-2: Ball 1-2: Fly out, F9 (Flyball, 89D, EV 94.4 MPH)
|
Top of the 7th over - 0 runs, 0 hits, 0 errors, 0 left on base; Atlanta (MID) 7 - Lakewood 2 |
BOTTOM OF THE 7TH |
Lakewood BlueClaws batting - Pitching for Atlanta (MID) Braves : RHP Jimmy Loudner
|
Batting: SHB Brett St. Clair
|
0-0: Ground out U3 (Groundball, 3, EV 88.8 MPH)
|
Batting: LHB Josh George
|
0-0: Ball 1-0: Swinging Strike 1-1: Foul Ball, location: 2F 1-2: SINGLE (Line Drive, 8RM, EV 95.6 MPH)
|
Batting: LHB Eric Farren
|
0-0: Ball 1-0: Called Strike 1-1: Ball 2-1: Grounds into double play, 5-4-3 (Groundball, 56, EV 103.1 MPH)
|
Bottom of the 7th over - 0 runs, 1 hit, 0 errors, 0 left on base; Atlanta (MID) 7 - Lakewood 2 |
TOP OF THE 8TH |
Atlanta (MID) Braves batting - Pitching for Lakewood BlueClaws : RHP Alec Guglielmo
|
Batting: LHB Eric Jackson
|
0-0: Ground out 5-3 (Groundball, 5, EV 108.8 MPH)
|
Batting: RHB Chris Trites
|
0-0: Ball 1-0: Ball 2-0: Called Strike 2-1: Ball 3-1: Foul Ball, location: 2F 3-2: Base on Balls
|
Pitching: LHP Cesar Andrade
|
|
Batting: SHB Brett McEwen
|
0-0: Ball Chris Trites steals 2nd base 1-0: DOUBLE (Line Drive, 89M, EV 85.6 MPH) Chris Trites scores
|
Batting: LHB Tamaichi Sasada
|
0-0: Ball 1-0: Ball 2-0: SINGLE (Line Drive, 7S, EV 95.0 MPH) Brett McEwen to third
|
Batting: LHB Ricardo Sandoval
|
0-0: Ball 1-0: Ball 2-0: Ball 3-0: Base on Balls Tamaichi Sasada to second
|
Batting: RHB Costantino Dolfini
|
0-0: Called Strike 0-1: Called Strike 0-2: Ball 1-2: Foul Ball, location: 2F 1-2: Ball 2-2: Foul Ball, location: 2F 2-2: Fly out, F8 (Flyball, 8LD, EV 101.9 MPH) Runner from 3rd tags up, SCORES, throw by CF Tamaichi Sasada to third
|
Batting: RHB Josh McCormick
|
0-0: Called Strike Ricardo Sandoval is caught stealing 2nd base 2-4
|
Top of the 8th over - 2 runs, 2 hits, 0 errors, 1 left on base; Atlanta (MID) 9 - Lakewood 2 |
BOTTOM OF THE 8TH |
Lakewood BlueClaws batting - Pitching for Atlanta (MID) Braves : RHP Jimmy Loudner
|
Batting: RHB Juan Valadez
|
0-0: Ball 1-0: Ball 2-0: Fly out, F8 (Line Drive, 8RM, EV 100.0 MPH)
|
Pitching: RHP Andrew Hodges
|
|
Batting: RHB Trent Hedrick
|
0-0: Called Strike 0-1: Fly out, F8 (Flyball, 89M, EV 88.8 MPH)
|
Batting: RHB Danny Habermehl
|
0-0: Called Strike 0-1: Ball 1-1: Foul Ball, location: 2F 1-2: Ball 2-2: Ball 3-2: Base on Balls
|
Batting: RHB Tony Perez
|
0-0: Called Strike 0-1: Swinging Strike 0-2: Strikes out looking
|
Bottom of the 8th over - 0 runs, 0 hits, 0 errors, 1 left on base; Atlanta (MID) 9 - Lakewood 2 |
TOP OF THE 9TH |
Atlanta (MID) Braves batting - Pitching for Lakewood BlueClaws : LHP Cesar Andrade
|
Pinch Hitting: RHB Mike Bergin
|
0-0: Called Strike 0-1: Foul Ball, location: 2F 0-2: Ball 1-2: Strikes out swinging
|
Batting: RHB Alex Campos
|
0-0: Ball 1-0: Ball 2-0: Called Strike 2-1: Ball 3-1: Base on Balls
|
Batting: RHB Gabe Allen
|
0-0: Ball 1-0: Ball 2-0: Fly out, F8 (Flyball, 8RM, EV 86.9 MPH)
|
Batting: LHB Eric Jackson
|
0-0: Ground out 4-3 (Groundball, 4D, EV 83.8 MPH)
|
Top of the 9th over - 0 runs, 0 hits, 0 errors, 1 left on base; Atlanta (MID) 9 - Lakewood 2 |
BOTTOM OF THE 9TH |
Lakewood BlueClaws batting - Pitching for Atlanta (MID) Braves : RHP Andrew Hodges
|
Now at C: Mike Bergin
|
|
Batting: SHB Steve DeRienzo
|
0-0: Ground out 4-3 (Groundball, 4, EV 97.5 MPH)
|
Pinch Hitting: LHB Joel Moore
|
0-0: Ball 1-0: Ball 2-0: Called Strike 2-1: Ball 3-1: Base on Balls
|
Batting: SHB Brett St. Clair
|
0-0: Ball 1-0: Foul Ball, location: 2F 1-1: Ball 2-1: Ball 3-1: SINGLE (Groundball, 4M, EV 103.8 MPH) (infield hit) Joel Moore to second
|
Batting: LHB Josh George
|
0-0: Ball 1-0: Called Strike 1-1: Called Strike 1-2: Ball 2-2: Ball 3-2: Foul Ball, location: 2F 3-2: Base on Balls Joel Moore to third Brett St. Clair to second
|
Batting: LHB Eric Farren
|
0-0: Ball 1-0: Swinging Strike 1-1: Ball 2-1: Ball 3-1: Foul Ball, location: 2F 3-2: SINGLE (Groundball, 4MD, EV 106.2 MPH) Joel Moore scores Brett St. Clair to third Josh George to second
|
Pinch Hitting: LHB Matt Urbanek
|
0-0: Called Strike 0-1: Ball 1-1: Foul Ball, location: 2F 1-2: DOUBLE (Line Drive, 89D, EV 109.4 MPH) Brett St. Clair scores Josh George scores Eric Farren to third
|
Pitching: LHP Tyler Portier
|
|
Batting: RHB Trent Hedrick
|
0-0: Called Strike 0-1: Swinging Strike 0-2: Ball 1-2: Foul Ball, location: 2F 1-2: Foul Ball, location: 2F 1-2: Strikes out looking
|
Batting: RHB Danny Habermehl
|
0-0: Called Strike 0-1: Swinging Strike 0-2: Strikes out swinging
|
Bottom of the 9th over - 3 runs, 3 hits, 0 errors, 2 left on base; Atlanta (MID) 9 - Lakewood 5 |
|